| TOP OF THE 1ST |
|
Round Rock Express batting - Pitching for San Antonio Missions : RHP Roger Clemens
|
|
Pitching: RHP Roger Clemens
|
|
|
Batting: LHB Steve Lyons
|
0-0: Ball 1-0: Fly out, F7 (Flyball, 78D, EV 100.6 MPH)
|
|
Batting: LHB Luis Armijo
|
0-0: Swinging Strike 0-1: Swinging Strike 0-2: Ball 1-2: Strikes out swinging
|
|
Batting: RHB Alejandro Sanchez
|
0-0: Ball 1-0: Foul Ball, location: 2F 1-1: Swinging Strike 1-2: Strikes out swinging
|
| Top of the 1st over - 0 runs, 0 hits, 0 errors, 0 left on base; Round Rock 0 - San Antonio 0 |
| BOTTOM OF THE 1ST |
|
San Antonio Missions batting - Pitching for Round Rock Express : LHP Bill Krueger
|
|
Pitching: LHP Bill Krueger
|
|
|
Batting: SHB Willie Perez
|
0-0: Ball 1-0: Ball 2-0: Ball 3-0: Base on Balls
|
|
Batting: RHB Ivan Calderon
|
0-0: Ball 1-0: Called Strike 1-1: Ball 2-1: Foul Ball, location: 2F 2-2: Strikes out swinging
|
|
Batting: RHB Ed Hearn
|
0-0: Swinging Strike 0-1: Ball 1-1: Ball 2-1: Swinging Strike 2-2: Foul Ball, location: 2F 2-2: Fly out, F9 (Flyball, 89S, EV 97.5 MPH)
|
|
Batting: RHB Alex Juarez
|
0-0: SINGLE (Groundball, 4D, EV 100.0 MPH) Willie Perez to second
|
|
Batting: LHB Lee Pruitt
|
0-0: 3-RUN HOME RUN (Flyball, 9LD, EV 104.4 MPH), Distance : 365 ft
|
|
Batting: SHB Wallace Johnson
|
0-0: Ball 1-0: Ball 2-0: Ground out 4-3 (Groundball, 4, EV 93.1 MPH)
|
| Bottom of the 1st over - 3 runs, 2 hits, 0 errors, 0 left on base; Round Rock 0 - San Antonio 3 |
| TOP OF THE 2ND |
|
Round Rock Express batting - Pitching for San Antonio Missions : RHP Roger Clemens
|
|
Batting: LHB Al Chambers
|
0-0: Foul Ball, location: 2F 0-1: Ball 1-1: SINGLE (Groundball, 34D, EV 105.6 MPH)
|
|
Batting: RHB Gerald Miller
|
0-0: Called Strike 0-1: Called Strike 0-2: Ball 1-2: Strikes out swinging
|
|
Batting: LHB James Jennings
|
0-0: Called Strike Al Chambers steals 2nd base (no throw) 0-1: Swinging Strike 0-2: Foul Ball, location: 2F 0-2: Ball 1-2: Foul Ball, location: 2F 1-2: Ground out U3 (Groundball, 34, EV 80.6 MPH) Al Chambers to third
|
|
Batting: LHB Mike Kripner
|
0-0: Ball 1-0: Ball 2-0: Ball 3-0: Base on Balls
|
|
Batting: RHB Mike Sodders
|
0-0: Fly out, F9 (Flyball, 9LS, EV 84.4 MPH)
|
| Top of the 2nd over - 0 runs, 1 hit, 0 errors, 2 left on base; Round Rock 0 - San Antonio 3 |
| BOTTOM OF THE 2ND |
|
San Antonio Missions batting - Pitching for Round Rock Express : LHP Bill Krueger
|
|
Batting: RHB Jack Ayer
|
0-0: Foul Ball, location: 2F 0-1: Fly out, F8 (Flyball, 89S, EV 78.8 MPH)
|
|
Batting: SHB Jose Moreno
|
0-0: Ball 1-0: Ball 2-0: Called Strike 2-1: Ball 3-1: SOLO HOME RUN (Flyball, 89XD, EV 96.9 MPH), Distance : 441 ft
|
|
Batting: LHB Matt Nokes
|
0-0: Foul Ball, location: 2F 0-1: Called Strike 0-2: Ball 1-2: SINGLE (Groundball, 34D, EV 110.0 MPH)
|
|
Batting: SHB Willie Perez
|
0-0: Called Strike 0-1: Swinging Strike 0-2: Ball 1-2: Ball 2-2: Strikes out swinging
|
|
Batting: RHB Ivan Calderon
|
0-0: Foul Ball, location: 2F 0-1: Ball 1-1: Ball 2-1: Fly out, F4 (Popup, 4, EV 52.5 MPH)
|
| Bottom of the 2nd over - 1 run, 2 hits, 0 errors, 1 left on base; Round Rock 0 - San Antonio 4 |
| TOP OF THE 3RD |
|
Round Rock Express batting - Pitching for San Antonio Missions : RHP Roger Clemens
|
|
Batting: RHB Martyn Maxwell
|
0-0: Ball 1-0: Called Strike 1-1: Foul Ball, location: 2F 1-2: Ball 2-2: Strikes out swinging
|
|
Batting: LHB Steve Lyons
|
0-0: Called Strike 0-1: Ball 1-1: Ball 2-1: Ball 3-1: SINGLE (Groundball, 56S, EV 72.5 MPH) (infield hit)
|
|
Batting: LHB Luis Armijo
|
0-0: Ball 1-0: Fielders Choice at 2nd, 5-4 (Groundball, 56, EV 101.9 MPH)
|
|
Batting: RHB Alejandro Sanchez
|
0-0: Ball 1-0: Ball Luis Armijo steals 2nd base 2-0: Swinging Strike 2-1: Called Strike 2-2: Fly out, F9 (Flyball, 89M, EV 90.6 MPH)
|
| Top of the 3rd over - 0 runs, 1 hit, 0 errors, 1 left on base; Round Rock 0 - San Antonio 4 |
| BOTTOM OF THE 3RD |
|
San Antonio Missions batting - Pitching for Round Rock Express : LHP Bill Krueger
|
|
Batting: RHB Ed Hearn
|
0-0: Called Strike 0-1: Swinging Strike 0-2: Foul Ball, location: 2F 0-2: Ball 1-2: Ball 2-2: Ball 3-2: Ground out 4-3 (Groundball, 4M, EV 83.1 MPH)
|
|
Batting: RHB Alex Juarez
|
0-0: Ball 1-0: Ball 2-0: Called Strike 2-1: Called Strike 2-2: Ball 3-2: Ground out 5-3 (Groundball, 5, EV 87.5 MPH)
|
|
Batting: LHB Lee Pruitt
|
0-0: Called Strike 0-1: Ball 1-1: Ground out 3-1 (Groundball, 34, EV 88.1 MPH)
|
| Bottom of the 3rd over - 0 runs, 0 hits, 0 errors, 0 left on base; Round Rock 0 - San Antonio 4 |
| TOP OF THE 4TH |
|
Round Rock Express batting - Pitching for San Antonio Missions : RHP Roger Clemens
|
|
Batting: LHB Al Chambers
|
0-0: SINGLE (Line Drive, 7LS, EV 90.0 MPH)
|
|
Batting: RHB Gerald Miller
|
0-0: Called Strike 0-1: Ball 1-1: Foul Ball, location: 2F 1-2: Ball 2-2: Fly out, F7 (Flyball, 7D, EV 102.5 MPH)
|
|
Batting: LHB James Jennings
|
0-0: Called Strike Al Chambers is caught stealing 2nd base 2-6 0-1: Fly out, F5 (Line Drive, 5, EV 73.8 MPH)
|
| Top of the 4th over - 0 runs, 1 hit, 0 errors, 0 left on base; Round Rock 0 - San Antonio 4 |
| BOTTOM OF THE 4TH |
|
San Antonio Missions batting - Pitching for Round Rock Express : LHP Bill Krueger
|
|
Batting: SHB Wallace Johnson
|
0-0: SINGLE (Groundball, 4MS, EV 71.9 MPH) (infield hit)
|
|
Batting: RHB Jack Ayer
|
0-0: Fly out, F4 (Popup, 3DF, EV 63.8 MPH)
|
|
Batting: SHB Jose Moreno
|
0-0: Called Strike 0-1: SINGLE (Groundball, 5S, EV 71.3 MPH) (infield hit) Wallace Johnson to second
|
|
Batting: LHB Matt Nokes
|
0-0: Ball 1-0: Ball 2-0: Called Strike 2-1: Ball 3-1: Fly out, F7 (Flyball, 7S, EV 94.4 MPH)
|
|
Batting: SHB Willie Perez
|
0-0: Called Strike 0-1: Ball 1-1: Fly out, F9 (Flyball, 9, EV 83.8 MPH)
|
| Bottom of the 4th over - 0 runs, 2 hits, 0 errors, 2 left on base; Round Rock 0 - San Antonio 4 |
| TOP OF THE 5TH |
|
Round Rock Express batting - Pitching for San Antonio Missions : RHP Roger Clemens
|
|
Batting: LHB Mike Kripner
|
0-0: Ball 1-0: Ball 2-0: Ball 3-0: Base on Balls
|
|
Batting: RHB Mike Sodders
|
0-0: Called Strike 0-1: Ball 1-1: Called Strike 1-2: Foul Ball, location: 2F 1-2: Grounds into double play, 6-4-3 (Groundball, 6, EV 103.1 MPH)
|
|
Batting: RHB Martyn Maxwell
|
0-0: Called Strike 0-1: Swinging Strike 0-2: Strikes out looking
|
| Top of the 5th over - 0 runs, 0 hits, 0 errors, 0 left on base; Round Rock 0 - San Antonio 4 |
| BOTTOM OF THE 5TH |
|
San Antonio Missions batting - Pitching for Round Rock Express : LHP Bill Krueger
|
|
Batting: RHB Ivan Calderon
|
0-0: Ball 1-0: Called Strike 1-1: Swinging Strike 1-2: Ball 2-2: Fly out, F3 (Popup, 3S, EV 75.0 MPH)
|
|
Batting: RHB Ed Hearn
|
0-0: Ball 1-0: Foul Ball, location: 2F 1-1: Ball 2-1: SINGLE (Groundball, 56D, EV 106.9 MPH)
|
|
Batting: RHB Alex Juarez
|
0-0: Ball 1-0: Swinging Strike 1-1: Ball 2-1: Ball 3-1: SINGLE (Groundball, 5S, EV 70.6 MPH) (infield hit) Ed Hearn to second
|
|
Batting: LHB Lee Pruitt
|
0-0: Called Strike 0-1: Called Strike 0-2: Foul Ball, location: 2F 0-2: Strikes out looking
|
|
Batting: SHB Wallace Johnson
|
0-0: Ball 1-0: Ground out U3 (Groundball, 3, EV 88.1 MPH)
|
| Bottom of the 5th over - 0 runs, 2 hits, 0 errors, 2 left on base; Round Rock 0 - San Antonio 4 |
| TOP OF THE 6TH |
|
Round Rock Express batting - Pitching for San Antonio Missions : RHP Roger Clemens
|
|
Batting: LHB Steve Lyons
|
0-0: Ball 1-0: Called Strike 1-1: SOLO HOME RUN (Flyball, 9D, EV 98.8 MPH), Distance : 367 ft
|
|
Batting: LHB Luis Armijo
|
0-0: Swinging Strike 0-1: Swinging Strike 0-2: Ball 1-2: Ball 2-2: Ball 3-2: Foul Ball, location: 2F 3-2: Strikes out swinging
|
|
Batting: RHB Alejandro Sanchez
|
0-0: Called Strike 0-1: Swinging Strike 0-2: Foul Ball, location: 2F 0-2: Foul Ball, location: 2F 0-2: Ball 1-2: Foul Ball, location: 2F 1-2: Ball 2-2: Foul Ball, location: 2F 2-2: Ball 3-2: SINGLE (Line Drive, 9S, EV 87.5 MPH)
|
|
Batting: LHB Al Chambers
|
0-0: Called Strike 0-1: Ball 1-1: Ball 2-1: Fielders Choice at 2nd, 4-6 (Groundball, 4D, EV 105.0 MPH)
|
|
Batting: RHB Gerald Miller
|
0-0: Called Strike 0-1: Called Strike 0-2: Strikes out swinging
|
| Top of the 6th over - 1 run, 2 hits, 0 errors, 1 left on base; Round Rock 1 - San Antonio 4 |
| BOTTOM OF THE 6TH |
|
San Antonio Missions batting - Pitching for Round Rock Express : LHP Bill Krueger
|
|
Batting: RHB Jack Ayer
|
0-0: Called Strike 0-1: Ground out U3 (Groundball, 34, EV 80.0 MPH)
|
|
Batting: SHB Jose Moreno
|
0-0: Fly out, F4 (Popup, 4D, EV 71.9 MPH)
|
|
Batting: LHB Matt Nokes
|
0-0: Foul Ball, location: 2F 0-1: Ball 1-1: Fly out, F9 (Flyball, 9, EV 76.9 MPH)
|
| Bottom of the 6th over - 0 runs, 0 hits, 0 errors, 0 left on base; Round Rock 1 - San Antonio 4 |
| TOP OF THE 7TH |
|
Round Rock Express batting - Pitching for San Antonio Missions : RHP Roger Clemens
|
|
Batting: LHB James Jennings
|
0-0: Ball 1-0: Ball 2-0: Called Strike 2-1: Foul Ball, location: 2F 2-2: Foul Ball, location: 2F 2-2: Foul Ball, location: 2F 2-2: Ball 3-2: Strikes out swinging
|
|
Batting: LHB Mike Kripner
|
0-0: Called Strike 0-1: Foul Ball, location: 2F 0-2: Strikes out swinging
|
|
Batting: RHB Mike Sodders
|
0-0: Ball 1-0: Ball 2-0: Swinging Strike 2-1: Fly out, F9 (Flyball, 9, EV 81.3 MPH)
|
| Top of the 7th over - 0 runs, 0 hits, 0 errors, 0 left on base; Round Rock 1 - San Antonio 4 |
| BOTTOM OF THE 7TH |
|
San Antonio Missions batting - Pitching for Round Rock Express : LHP Bill Krueger
|
|
Batting: SHB Willie Perez
|
0-0: TRIPLE (Line Drive, 78XD, EV 104.4 MPH)
|
|
Batting: RHB Ivan Calderon
|
0-0: Intentional Walk
|
|
Batting: RHB Ed Hearn
|
0-0: Ball 1-0: Foul Ball, location: 2F 1-1: Swinging Strike Balk! Willie Perez scores Ivan Calderon to second 1-2: Foul Ball, location: 2F 1-2: Ball 2-2: Ball 3-2: Foul Ball, location: 2F 3-2: DOUBLE (Flyball, 89XD, EV 105.6 MPH) Ivan Calderon scores
|
|
Pitching: RHP Jeff Keener
|
|
|
Batting: RHB Alex Juarez
|
0-0: Swinging Strike 0-1: Hit by Pitch
|
|
Batting: LHB Lee Pruitt
|
0-0: Swinging Strike 0-1: Foul Ball, location: 2F 0-2: Ball 1-2: Strikes out swinging
|
|
Batting: SHB Wallace Johnson
|
0-0: Ball 1-0: Ball 2-0: SINGLE (Groundball, 4D, EV 95.0 MPH) Ed Hearn to third Alex Juarez to second Runner from 3rd tries for Home, throw by CF and OUT! 8-2
|
|
Batting: RHB Jack Ayer
|
0-0: Ball 1-0: Ball 2-0: Ground out 4-3 (Groundball, 4, EV 83.8 MPH)
|
| Bottom of the 7th over - 2 runs, 3 hits, 0 errors, 2 left on base; Round Rock 1 - San Antonio 6 |
| TOP OF THE 8TH |
|
Round Rock Express batting - Pitching for San Antonio Missions : RHP Roger Clemens
|
|
Batting: RHB Martyn Maxwell
|
0-0: Foul Ball, location: 2F 0-1: Ground out 4-3 (Groundball, 34, EV 109.4 MPH)
|
|
Batting: LHB Steve Lyons
|
0-0: Swinging Strike 0-1: Foul Ball, location: 2F 0-2: Ball 1-2: Fly out, F7 (Flyball, 78D, EV 98.8 MPH)
|
|
Batting: LHB Luis Armijo
|
0-0: Ball 1-0: Foul Ball, location: 2F 1-1: Swinging Strike 1-2: Foul Ball, location: 2F 1-2: Ball 2-2: Foul Ball, location: 2F 2-2: Foul Ball, location: 2F 2-2: Strikes out swinging
|
| Top of the 8th over - 0 runs, 0 hits, 0 errors, 0 left on base; Round Rock 1 - San Antonio 6 |
| BOTTOM OF THE 8TH |
|
San Antonio Missions batting - Pitching for Round Rock Express : RHP Jeff Keener
|
|
Batting: SHB Jose Moreno
|
0-0: Swinging Strike 0-1: Ball 1-1: Foul Ball, location: 2F 1-2: Ball 2-2: Ball 3-2: Ground out U3 (Groundball, 3L, EV 80.0 MPH)
|
|
Batting: LHB Matt Nokes
|
0-0: Foul Ball, location: 2F 0-1: Called Strike 0-2: SOLO HOME RUN (Flyball, 9D, EV 96.9 MPH), Distance : 374 ft
|
|
Batting: SHB Willie Perez
|
0-0: Called Strike 0-1: Ball 1-1: Swinging Strike 1-2: Ball 2-2: Ball 3-2: Base on Balls
|
|
Batting: RHB Ivan Calderon
|
0-0: Foul Ball, location: 2F 0-1: Ball 1-1: Ball 2-1: Fielders Choice at 2nd, 3-6 (Groundball, 34S, EV 79.4 MPH)
|
|
Batting: RHB Ed Hearn
|
0-0: Ball Ivan Calderon steals 2nd base (no throw) 1-0: Fly out, F7 (Flyball, 78M, EV 87.5 MPH)
|
| Bottom of the 8th over - 1 run, 1 hit, 0 errors, 1 left on base; Round Rock 1 - San Antonio 7 |
| TOP OF THE 9TH |
|
Round Rock Express batting - Pitching for San Antonio Missions : RHP Roger Clemens
|
|
Pitching: RHP Miguel Hernandez
|
|
|
Batting: RHB Alejandro Sanchez
|
0-0: Foul Ball, location: 2F 0-1: Ball 1-1: Foul Ball, location: 2F 1-2: Strikes out swinging
|
|
Batting: LHB Al Chambers
|
0-0: Ball 1-0: Ball 2-0: Fly out, F5 (Popup, 56, EV 64.4 MPH)
|
|
Batting: RHB Gerald Miller
|
0-0: Ball 1-0: Ball 2-0: Ground out 6-3 (Groundball, 6, EV 86.3 MPH)
|
| Top of the 9th over - 0 runs, 0 hits, 0 errors, 0 left on base; Round Rock 1 - San Antonio 7 |
|